 Dungeon Crawl Stone Soup version 0.28.0-43-g3370ac3207 (webtiles) character file.

Game seed: 11594012581025207847

25 nickcage the Skirmisher (level 2, 0/24 HPs)
             Began as a Demonspawn Abyssal Knight on Mar 18, 2022.
             Was a Follower of Lugonu.
             Slain by a hobgoblin (4 damage)
             ... on level 1 of the Dungeon.
             The game lasted 00:03:10 (1325 turns).

nickcage the Skirmisher (Demonspawn Abyssal Knight) Turns: 1325, Time: 00:03:11

Health: 0/24       AC:  5    Str: 13    XL:     2   Next: 86%
Magic:  3/3        EV:  8    Int: 11    God:    Lugonu [*.....]
Gold:   0          SH:  9    Dex: 13    Spells: 1/1 levels left

rFire   . . .      SeeInvis .   a - +1 mace
rCold   . . .      Faith    .   f - +2 kite shield
rNeg    . . .      Spirit   .   d - +0 ring mail
rPois   .          Reflect  .   (no helmet)
rElec   .          Harm     .   (no cloak)
rCorr   .          Rampage  .   (no gloves)
Will    .....                   (no boots)
Stlth   +.........              (no amulet)
HPRegen 0.08/turn               (no ring)
MPRegen 0.08/turn               (no ring)

@: no status effects
A: demonic magic 1
a: Renounce Religion, Depart the Abyss


You were on level 1 of the Dungeon.
You worshipped Lugonu.
Lugonu was aware of your devotion.
You visited 1 branch of the dungeon, and saw 1 of its levels.
You visited the Abyss 1 time.

Inventory:

Hand Weapons
 a - a +1 mace (weapon)
Armour
 b - a +0 leather armour
 d - a +0 ring mail (worn)
 f - a +2 kite shield (worn)
Scrolls
 g - 2 scrolls of identify {unknown}
Potions
 c - a potion of lignification {unknown}
 e - a potion of curing {unknown}


   Skills:
 - Level 3.3 Fighting
 + Level 2.4 Maces & Flails
 - Level 1.7 Armour
 - Level 1.1 Dodging
 - Level 2.6 Invocations


You had one spell level left.
You didn't know any spells.
Your spell library contained the following spells:

 Spells                   Type           Power      Damage    Failure   Level
 Summon Small Mammal      Summ           0%         N/A       95%         1
 Call Canine Familiar     Summ           0%         N/A       100%        3
 Summon Guardian Golem    Hex/Summ       0%         N/A       100%        3


Dungeon Overview and Level Annotations

Branches:
Dungeon (1/15)

Altars:


Innate Abilities, Weirdness & Mutations

Spells you cast may paralyse adjacent enemies.


Message History

You kill the hobgoblin!
Lugonu accepts your kill.
The frilled lizard bites you but does no damage.
You hit the frilled lizard.
The frilled lizard is heavily wounded.
The frilled lizard bites you but does no damage.
The frilled lizard bites you.
You are too injured to fight recklessly!
You are too injured to fight recklessly!
You are too injured to fight recklessly!
You sock the frilled lizard!
You kill the frilled lizard!
Lugonu accepts your kill.
You closely miss the hobgoblin.
The hobgoblin is severely wounded.
You block the hobgoblin's attack. x2
You barely miss the hobgoblin.
The hobgoblin is severely wounded.
The hobgoblin hits you.
You barely miss the hobgoblin.
The hobgoblin is severely wounded.
The hobgoblin hits you but does no damage. x2
You hit the hobgoblin.
You kill the hobgoblin!
Lugonu accepts your kill.
You closely miss the hobgoblin. The hobgoblin hits you.
* * * LOW HITPOINT WARNING * * *
The hobgoblin hits you but does no damage.
You barely miss the hobgoblin.
The hobgoblin hits you but does no damage.
You closely miss the hobgoblin. You block the hobgoblin's attack.
The hobgoblin hits you.
* * * LOW HITPOINT WARNING * * *
You closely miss the hobgoblin. The hobgoblin hits you.
* * * LOW HITPOINT WARNING * * *
You hit the hobgoblin.
The hobgoblin is severely wounded.
The hobgoblin hits you but does no damage.
The hobgoblin hits you.
You die...

♣♣♣.♣♣ #.# ..♣♣.♣♣
#.# ♣♣.♣♣.♣######.##
8♣..♣.♣........#
..♣.♣.♣♣.......#
♣.♣.♣.8♣######.#
♣.♣.♣.♣♣ #.# .♣♣.♣.♣
.#####.####.#
♣♣.♣♣.♣........g@)..#
..♣♣.♣♣.....##.##†..#
♣♣♣.♣♣ .... .... .#.#
...♣♣ ......#.# ## ..
♣♣♣♣ ......#.. ## ♣
..##. ### . #.


You could see a hobgoblin.

Vanquished Creatures
  A dart slug (D:1)
  3 ball pythons (D:1)
  A bat (D:1)
  3 endoplasms (D:1)
  3 hobgoblins (D:1)
  2 kobolds (D:1)
  A quokka (D:1)
  A frilled lizard (D:1)
  4 goblins (D:1)
19 creatures vanquished.

Notes
Turn   | Place    | Note
-------+----------+-------------------------------------------
     0 | Abyss:1  | nickcage the Demonspawn Abyssal Knight began the quest for
                  | the Orb.
     0 | Abyss:1  | Reached XP level 1. HP: 18/18 MP: 2/2
    15 | Abyss:1  | Found a corrupted altar of Lugonu.
    27 | D:1      | Escaped the Abyss
   168 | D:1      | Reached skill level 1 in Dodging
   723 | D:1      | Gained mutation: Spells you cast may paralyse adjacent
                  | enemies. [demonic ancestry]
   723 | D:1      | Reached XP level 2. HP: 23/24 MP: 3/3
  1325 | D:1      | Slain by a hobgoblin

Illustrated notes

Levels and vault maps discovered:
D:1:      nagdon_arrival_double_spiral, layout_loops_ring,
          serial_co_window_serial, co_window_corner_a, co_window_paths_a,
          co_window_paths_a, co_window_paths_a, co_window_of_opportunity_a,
          co_window_of_opportunity_c, co_window_of_opportunity_c,
          co_window_paths_c, co_window_unsneaky_path_e, co_window_cross_3,
          co_window_corner_ca, co_window_of_opportunity_b, co_window_4corner_b,
          glass_columns_a, glass_columns_b, glass_columns_b, minmay_cupped

Skill      XL: |  1  2 |
---------------+-------+-----
Dodging        | 1 |  1.1
Maces & Flails | 2 |  2.4
Fighting       | |  3.3
Armour         | |  1.7
Invocations    | |  2.6

Action                   || total
-------------------------++-------
Melee: Mace              ||    67
Armor: Leather armour    ||    10
       Ring mail         ||    17
Dodge: Dodged            ||    33
Block: Kite shield       ||     9
